[ AOE2 MATCH · #477474413 ]
UnrankedCumans vs Mapuche
[ REPLAY ANALYSIS · EXTRACTED FROM THE RECORDED GAME ]
Feudal
14:27
Castle
20:58
Imperial
43:41
| APM avg | 25.1 |
| APM peak | 56 |
| eAPM avg | 16.0 |
| Villagers / military | 148 / 203 |
Focus
⚔️ 33.8% · 🌾 66.2%
Steppe Lancer ×90 · Knight ×59 · Camel Scout ×54
Feudal
13:20
Castle
17:15
Imperial
51:10
| APM avg | 30.6 |
| APM peak | 58 |
| eAPM avg | 13.7 |
| Villagers / military | 150 / 143 |
Focus
⚔️ 32.7% · 🌾 67.3%
Bolas Rider ×100 · Kona ×42 · Monk ×1
Feudal
14:28
Castle
18:10
Imperial
42:58
| APM avg | 52.9 |
| APM peak | 109 |
| eAPM avg | 31.8 |
| Villagers / military | 197 / 83 |
Focus
⚔️ 38.3% · 🌾 61.7%
Unknown (2579) ×145 · Spearman ×51 · Battering Ram ×27 · Unknown (2550) ×13 · Trebuchet (Packed) ×3 · Monk ×1
Feudal
16:20
Castle
22:05
Imperial
—
| APM avg | 18.9 |
| APM peak | 65 |
| eAPM avg | 9.9 |
| Villagers / military | 106 / 14 |
Focus
⚔️ 21.0% · 🌾 79.0%
Skirmisher ×9 · Spearman ×4 · Militia ×1
Feudal
11:40
Castle
16:21
Imperial
37:19
| APM avg | 20.1 |
| APM peak | 37 |
| eAPM avg | 14.1 |
| Villagers / military | 110 / 130 |
Focus
⚔️ 38.7% · 🌾 61.3%
War Wagon ×121 · Trebuchet (Packed) ×6 · Iron Pagoda ×3
Feudal
15:13
Castle
19:00
Imperial
52:57
| APM avg | 28.6 |
| APM peak | 97 |
| eAPM avg | 18.9 |
| Villagers / military | 165 / 32 |
Focus
⚔️ 12.4% · 🌾 87.6%
Archer ×19 · Monk ×10 · Scout Cavalry ×2 · Knight ×1
Feudal
12:28
Castle
22:34
Imperial
52:43
| APM avg | 35.0 |
| APM peak | 95 |
| eAPM avg | 19.9 |
| Villagers / military | 197 / 223 |
Focus
⚔️ 28.0% · 🌾 72.0%
Shrivamsha Rider ×172 · Camel Scout ×38 · Scout Cavalry ×13
Feudal
13:55
Castle
18:06
Imperial
41:26
| APM avg | 49.3 |
| APM peak | 104 |
| eAPM avg | 18.7 |
| Villagers / military | 146 / 135 |
Focus
⚔️ 27.3% · 🌾 72.7%
Mangudai ×115 · Scout Cavalry ×16 · Mangonel ×4
Match map
Initial resources + every placement click. Lines = walls · curves = elevation contours. ◆ gold · ⬟ stone · ● berries · ✦ relic · ◌ wall gap
Your base· Open — unwalled flank
KIV.Murschann's base· Open — 14t gap
zensuuur's base· Open — 7t gap
后院起火了我能怎么办's base· Open — unwalled flank
Czech_Airwave's base· Open — 5t gap
ping3026's base· Open — unwalled flank
Fox's base· Open — unwalled flank
插标卖首之徒's base· Open — unwalled flank
Smoothed initial terrain · ◌ = detected wall gap · hover for details
Inputs per minute
— Moctezama - - KIV.Murschann
Build order — Moctezama
First 150 of 510 actions detected
| 0:27 | Build | Town Center |
| 0:36 | Build | House |
| 3:10 | Build | Mill |
| 3:12 | Create | Villager (Male) |
| 3:12 | Create | Villager (Male) |
| 3:40 | Create | Villager (Male) |
| 4:05 | Create | Villager (Male) |
| 4:32 | Create | Villager (Male) |
| 5:17 | Create | Villager (Male) |
| 5:18 | Create | Villager (Male) |
| 5:22 | Build | House |
| 5:55 | Create | Villager (Male) |
| 6:45 | Create | Villager (Male) |
| 7:01 | Create | Villager (Male) |
| 7:23 | Create | Villager (Male) |
| 7:39 | Build | House |
| 7:57 | Create | Villager (Male) |
| 8:26 | Create | Villager (Male) |
| 8:28 | Create | Villager (Male) |
| 9:11 | Create | Villager (Male) |
| 9:20 | Create | Villager (Male) |
| 9:46 | Create | Villager (Male) |
| 9:52 | Build | House |
| 10:22 | Create | Villager (Male) |
| 10:53 | Build | Lumber Camp |
| 11:02 | Create | Villager (Male) |
| 11:03 | Create | Villager (Male) |
| 11:48 | Research | Loom |
| 11:52 | Research | Feudal Age |
| 11:53 | Research | Feudal Age |
| 12:33 | Build | House |
| 13:31 | Create | Villager (Male) |
| 13:32 | Create | Villager (Male) |
| 13:35 | Create | Villager (Male) |
| 13:49 | Build | House |
| 14:11 | Create | Villager (Male) |
| 14:27 | Age | Feudal Age |
| 14:29 | Build | Town Center |
| 14:40 | Create | Villager (Male) |
| 15:27 | Create | Villager (Male) |
| 15:45 | Create | Villager (Male) |
| 15:45 | Create | Villager (Male) |
| 15:46 | Create | Villager (Male) |
| 15:47 | Create | Villager (Male) |
| 15:53 | Create | Villager (Male) |
| 16:19 | Build | Blacksmith |
| 16:24 | Create | Villager (Male) |
| 16:36 | Create | Villager (Male) |
| 16:58 | Create | Villager (Male) |
| 17:17 | Create | Villager (Male) |
| 17:23 | Build | Market |
| 17:34 | Create | Villager (Male) |
| 17:35 | Create | Villager (Male) |
| 17:35 | Create | Villager (Male) |
| 17:57 | Build | Lumber Camp |
| 18:10 | Build | House |
| 18:15 | Research | Castle Age |
| 18:22 | Create | Villager (Male) |
| 18:22 | Create | Villager (Male) |
| 18:57 | Build | House |
| 18:59 | Build | House |
| 19:14 | Create | Villager (Male) |
| 19:16 | Create | Villager (Male) |
| 19:28 | Build | Farm |
| 19:33 | Build | Barracks |
| 20:00 | Create | Villager (Male) |
| 20:12 | Build | Farm |
| 20:21 | Build | Stable |
| 20:24 | Build | Stable |
| 20:29 | Research | Scale Barding Armor |
| 20:30 | Research | Forging |
| 20:33 | Create | Villager (Male) |
| 20:37 | Build | Farm |
| 20:46 | Build | Farm |
| 20:48 | Build | Farm |
| 20:50 | Create | Villager (Male) |
| 20:51 | Create | Villager (Male) |
| 20:54 | Build | Farm |
| 20:58 | Age | Castle Age |
| 21:00 | Build | Farm |
| 21:07 | Build | Farm |
| 21:12 | Build | Farm |
| 21:16 | Create | Villager (Male) |
| 21:24 | Build | Stable |
| 21:27 | Create | Villager (Male) |
| 21:30 | Create | Villager (Male) |
| 21:35 | Research | Bloodlines |
| 21:54 | Build | Stable |
| 22:24 | Build | Farm |
| 22:25 | Build | Farm |
| 22:27 | Create | Villager (Male) |
| 22:27 | Create | Villager (Male) |
| 22:29 | Build | Farm |
| 22:31 | Build | Farm |
| 22:54 | Build | Mill |
| 23:03 | Create | Villager (Male) |
| 23:05 | Build | Farm |
| 23:08 | Create | Steppe Lancer |
| 23:08 | Create | Steppe Lancer |
| 23:09 | Create | Steppe Lancer |
| 23:09 | Create | Steppe Lancer |
| 23:09 | Create | Steppe Lancer |
| 23:10 | Create | Steppe Lancer |
| 23:10 | Create | Steppe Lancer |
| 23:11 | Create | Steppe Lancer |
| 23:11 | Create | Steppe Lancer |
| 23:21 | Create | Steppe Lancer |
| 23:22 | Create | Steppe Lancer |
| 23:22 | Create | Steppe Lancer |
| 23:25 | Create | Villager (Male) |
| 23:39 | Build | House |
| 23:42 | Build | House |
| 23:45 | Build | House |
| 23:50 | Build | House |
| 23:53 | Build | House |
| 24:10 | Research | Chain Barding Armor |
| 24:21 | Build | Farm |
| 24:21 | Build | Farm |
| 24:22 | Build | Farm |
| 24:22 | Build | Farm |
| 24:34 | Build | Farm |
| 24:46 | Create | Camel Scout |
| 24:46 | Create | Camel Scout |
| 24:46 | Create | Camel Scout |
| 24:47 | Create | Camel Scout |
| 25:08 | Create | Camel Scout |
| 25:08 | Create | Camel Scout |
| 25:08 | Create | Camel Scout |
| 25:32 | Create | Villager (Male) |
| 25:32 | Create | Villager (Male) |
| 25:35 | Build | Farm |
| 25:37 | Build | Farm |
| 25:45 | Create | Steppe Lancer |
| 25:45 | Create | Steppe Lancer |
| 25:45 | Create | Steppe Lancer |
| 25:46 | Create | Steppe Lancer |
| 25:50 | Create | Villager (Male) |
| 25:50 | Create | Villager (Male) |
| 25:53 | Build | Farm |
| 25:54 | Build | Farm |
| 25:58 | Build | Farm |
| 25:59 | Build | Farm |
| 25:59 | Build | Farm |
| 26:00 | Build | Farm |
| 26:12 | Build | Mill |
| 26:15 | Create | Villager (Male) |
| 26:15 | Create | Villager (Male) |
| 26:30 | Build | Farm |
| 26:31 | Build | Farm |
| 26:31 | Build | Farm |
Build order — KIV.Murschann
First 150 of 365 actions detected
| 0:54 | Build | Town Center |
| 2:56 | Create | Villager (Male) |
| 2:56 | Create | Villager (Male) |
| 3:05 | Build | Settlement |
| 3:13 | Create | Villager (Male) |
| 3:13 | Create | Villager (Male) |
| 3:52 | Research | Loom |
| 4:02 | Build | House |
| 4:06 | Create | Villager (Male) |
| 4:06 | Create | Villager (Male) |
| 4:17 | Create | Villager (Male) |
| 5:11 | Create | Villager (Male) |
| 5:11 | Create | Villager (Male) |
| 5:32 | Create | Villager (Male) |
| 5:33 | Create | Villager (Male) |
| 6:24 | Create | Villager (Male) |
| 6:53 | Build | Settlement |
| 6:56 | Create | Villager (Male) |
| 7:14 | Create | Villager (Male) |
| 7:14 | Create | Villager (Male) |
| 7:50 | Create | Villager (Male) |
| 8:03 | Create | Villager (Male) |
| 8:21 | Create | Villager (Male) |
| 8:59 | Create | Villager (Male) |
| 9:12 | Create | Villager (Male) |
| 9:23 | Build | House |
| 9:31 | Build | House |
| 9:32 | Build | Palisade Wall |
| 9:43 | Create | Villager (Male) |
| 10:07 | Create | Villager (Male) |
| 10:42 | Create | Villager (Male) |
| 11:02 | Research | Feudal Age |
| 11:18 | Create | Villager (Male) |
| 11:19 | Create | Villager (Male) |
| 13:20 | Age | Feudal Age |
| 13:25 | Build | Market |
| 14:04 | Build | Blacksmith |
| 14:08 | Create | Villager (Male) |
| 14:35 | Research | Castle Age |
| 15:58 | Create | Villager (Male) |
| 15:59 | Create | Villager (Male) |
| 16:06 | Research | Double-Bit Axe |
| 16:10 | Research | Stone Mining |
| 17:15 | Age | Castle Age |
| 17:19 | Build | Castle |
| 17:48 | Research | Forging |
| 17:57 | Research | Bow Saw |
| 18:11 | Create | Villager (Male) |
| 18:38 | Create | Kona |
| 18:39 | Create | Villager (Male) |
| 18:40 | Create | Villager (Male) |
| 18:55 | Build | Settlement |
| 19:12 | Create | Kona |
| 19:20 | Build | Settlement |
| 19:44 | Create | Villager (Male) |
| 20:02 | Create | Villager (Male) |
| 20:19 | Build | Town Center |
| 20:25 | Create | Kona |
| 20:32 | Create | Villager (Male) |
| 20:32 | Create | Villager (Male) |
| 20:53 | Create | Villager (Male) |
| 21:02 | Create | Kona |
| 21:33 | Create | Villager (Male) |
| 21:44 | Create | Kona |
| 22:24 | Create | Kona |
| 22:24 | Create | Villager (Male) |
| 22:25 | Create | Villager (Male) |
| 22:37 | Create | Villager (Male) |
| 22:37 | Create | Villager (Male) |
| 22:54 | Research | Horse Collar |
| 23:18 | Create | Villager (Male) |
| 23:18 | Create | Villager (Male) |
| 23:38 | Create | Villager (Male) |
| 23:38 | Create | Villager (Male) |
| 23:53 | Create | Villager (Male) |
| 23:54 | Create | Villager (Male) |
| 24:23 | Create | Villager (Male) |
| 24:23 | Create | Villager (Male) |
| 24:27 | Build | Farm |
| 24:28 | Build | Farm |
| 24:28 | Build | Farm |
| 24:28 | Build | Farm |
| 24:28 | Build | Farm |
| 24:28 | Build | Farm |
| 24:29 | Build | Farm |
| 25:02 | Create | Villager (Male) |
| 25:02 | Create | Villager (Male) |
| 25:10 | Create | Villager (Male) |
| 25:10 | Create | Villager (Male) |
| 25:42 | Create | Villager (Male) |
| 25:42 | Create | Villager (Male) |
| 26:09 | Create | Kona |
| 26:09 | Create | Kona |
| 26:36 | Create | Villager (Male) |
| 27:08 | Create | Villager (Male) |
| 27:08 | Create | Villager (Male) |
| 27:14 | Create | Villager (Male) |
| 27:14 | Create | Villager (Male) |
| 27:32 | Build | Town Center |
| 27:54 | Create | Kona |
| 27:55 | Create | Kona |
| 28:01 | Build | Castle |
| 28:13 | Build | House |
| 28:22 | Build | Palisade Wall |
| 28:24 | Build | Palisade Wall |
| 28:36 | Create | Kona |
| 28:36 | Create | Kona |
| 29:09 | Create | Villager (Male) |
| 29:09 | Create | Villager (Male) |
| 29:58 | Create | Kona |
| 30:42 | Build | Monastery |
| 30:44 | Create | Villager (Male) |
| 30:44 | Create | Villager (Male) |
| 30:49 | Build | Farm |
| 30:51 | Build | Farm |
| 30:51 | Build | Farm |
| 30:51 | Build | Farm |
| 30:52 | Build | Farm |
| 30:57 | Build | Farm |
| 30:57 | Build | Farm |
| 30:57 | Build | Farm |
| 30:57 | Build | Farm |
| 30:58 | Build | Farm |
| 31:15 | Create | Monk |
| 31:39 | Create | Villager (Male) |
| 31:51 | Create | Villager (Male) |
| 31:51 | Create | Villager (Male) |
| 32:26 | Create | Kona |
| 32:26 | Create | Kona |
| 32:28 | Create | Villager (Male) |
| 32:29 | Create | Villager (Male) |
| 32:52 | Create | Kona |
| 32:53 | Create | Kona |
| 33:07 | Create | Kona |
| 33:07 | Create | Kona |
| 33:31 | Create | Kona |
| 33:46 | Create | Kona |
| 33:46 | Create | Kona |
| 34:01 | Create | Kona |
| 34:02 | Create | Kona |
| 34:05 | Create | Villager (Male) |
| 34:05 | Create | Villager (Male) |
| 34:19 | Create | Villager (Male) |
| 34:19 | Create | Villager (Male) |
| 34:36 | Create | Kona |
| 34:36 | Create | Kona |
| 34:48 | Create | Kona |
| 34:49 | Create | Kona |
| 34:49 | Create | Villager (Male) |
| 34:49 | Create | Villager (Male) |
Build order — zensuuur
First 150 of 719 actions detected
| 0:26 | Build | Town Center |
| 0:32 | Build | Town Center |
| 0:52 | Build | House |
| 2:45 | Create | Villager (Male) |
| 2:45 | Create | Villager (Male) |
| 2:47 | Create | Villager (Male) |
| 2:49 | Create | Villager (Male) |
| 2:49 | Create | Villager (Male) |
| 3:48 | Research | Loom |
| 4:35 | Create | Villager (Male) |
| 4:35 | Create | Villager (Male) |
| 4:37 | Build | House |
| 5:02 | Create | Villager (Male) |
| 5:02 | Create | Villager (Male) |
| 5:04 | Create | Villager (Male) |
| 5:24 | Create | Villager (Male) |
| 5:36 | Create | Villager (Male) |
| 6:29 | Create | Villager (Male) |
| 6:38 | Create | Villager (Male) |
| 6:55 | Create | Villager (Male) |
| 7:02 | Build | House |
| 7:12 | Create | Villager (Male) |
| 7:25 | Build | House |
| 7:47 | Build | Outpost |
| 8:38 | Build | Outpost |
| 8:46 | Create | Villager (Male) |
| 8:46 | Create | Villager (Male) |
| 9:00 | Create | Villager (Male) |
| 9:06 | Build | Palisade Wall |
| 9:07 | Build | Palisade Wall |
| 9:07 | Build | Palisade Wall |
| 9:09 | Build | Palisade Wall |
| 9:09 | Build | Palisade Wall |
| 9:10 | Build | Palisade Wall |
| 9:13 | Build | Palisade Wall |
| 9:14 | Build | Palisade Wall |
| 9:17 | Build | Palisade Wall |
| 9:18 | Build | Palisade Wall |
| 9:18 | Build | Palisade Wall |
| 9:29 | Create | Villager (Male) |
| 9:30 | Create | Villager (Male) |
| 10:47 | Build | Palisade Wall |
| 10:49 | Build | Palisade Wall |
| 10:52 | Build | Palisade Wall |
| 10:59 | Build | Palisade Wall |
| 11:01 | Build | Palisade Wall |
| 11:02 | Build | Palisade Wall |
| 11:03 | Create | Villager (Male) |
| 11:12 | Build | Settlement |
| 11:19 | Build | Settlement |
| 11:24 | Create | Villager (Male) |
| 11:46 | Create | Villager (Male) |
| 12:07 | Research | Feudal Age |
| 12:33 | Build | Palisade Wall |
| 12:34 | Build | Palisade Wall |
| 12:34 | Build | Palisade Wall |
| 12:39 | Build | Palisade Wall |
| 12:40 | Build | Palisade Wall |
| 12:40 | Build | Palisade Wall |
| 12:47 | Build | Palisade Wall |
| 12:48 | Build | Palisade Wall |
| 12:50 | Build | Palisade Wall |
| 12:50 | Build | Palisade Wall |
| 12:51 | Build | Palisade Wall |
| 12:52 | Build | Palisade Wall |
| 12:52 | Build | Palisade Wall |
| 12:55 | Create | Villager (Male) |
| 12:56 | Create | Villager (Male) |
| 13:14 | Build | House |
| 13:57 | Build | Palisade Wall |
| 14:06 | Build | Palisade Wall |
| 14:14 | Build | Palisade Wall |
| 14:14 | Build | Palisade Wall |
| 14:28 | Age | Feudal Age |
| 14:29 | Build | Palisade Wall |
| 14:33 | Build | Market |
| 14:37 | Build | Blacksmith |
| 15:00 | Build | Palisade Wall |
| 15:03 | Build | Palisade Wall |
| 15:03 | Build | Palisade Wall |
| 15:30 | Research | Castle Age |
| 15:30 | Research | Castle Age |
| 15:41 | Research | Double-Bit Axe |
| 15:42 | Research | Stone Mining |
| 15:42 | Research | Stone Mining |
| 15:59 | Build | Palisade Wall |
| 15:59 | Build | Palisade Wall |
| 16:00 | Build | Palisade Wall |
| 16:00 | Build | Palisade Wall |
| 16:26 | Build | Palisade Wall |
| 16:48 | Build | Palisade Wall |
| 16:48 | Build | Palisade Wall |
| 16:54 | Create | Villager (Male) |
| 17:06 | Build | Settlement |
| 18:08 | Build | Palisade Wall |
| 18:09 | Build | Palisade Wall |
| 18:10 | Age | Castle Age |
| 18:29 | Build | Castle |
| 18:33 | Create | Villager (Male) |
| 19:24 | Create | Unit 2579 |
| 19:24 | Create | Unit 2579 |
| 19:25 | Create | Unit 2579 |
| 19:37 | Create | Villager (Male) |
| 19:39 | Create | Unit 2579 |
| 19:40 | Create | Unit 2579 |
| 19:57 | Build | House |
| 19:59 | Build | House |
| 20:09 | Create | Villager (Male) |
| 20:38 | Create | Villager (Male) |
| 20:43 | Build | House |
| 21:20 | Build | House |
| 21:21 | Create | Villager (Male) |
| 21:32 | Create | Villager (Male) |
| 22:03 | Build | Town Center |
| 22:20 | Build | Settlement |
| 22:46 | Create | Villager (Male) |
| 22:54 | Create | Villager (Male) |
| 22:58 | Build | Siege Workshop |
| 23:05 | Build | Palisade Wall |
| 23:06 | Build | Palisade Wall |
| 23:16 | Create | Unit 2579 |
| 23:22 | Build | Farm |
| 23:29 | Create | Unit 2579 |
| 23:30 | Create | Unit 2579 |
| 23:42 | Create | Villager (Male) |
| 23:43 | Create | Villager (Male) |
| 23:46 | Build | Farm |
| 23:46 | Build | Farm |
| 24:04 | Research | Fletching |
| 24:05 | Research | Fletching |
| 24:06 | Create | Villager (Male) |
| 24:12 | Create | Unit 2579 |
| 24:12 | Create | Unit 2579 |
| 24:12 | Create | Unit 2579 |
| 24:29 | Build | House |
| 24:33 | Create | Villager (Male) |
| 24:34 | Create | Villager (Male) |
| 24:39 | Create | Villager (Male) |
| 24:55 | Create | Villager (Male) |
| 24:55 | Create | Villager (Male) |
| 24:59 | Build | Farm |
| 24:59 | Build | Farm |
| 25:13 | Create | Villager (Male) |
| 25:14 | Create | Villager (Male) |
| 25:17 | Build | House |
| 25:19 | Build | House |
| 25:20 | Create | Villager (Male) |
| 25:31 | Create | Villager (Male) |
| 25:34 | Build | Farm |
| 25:47 | Create | Unit 2579 |
Build order — 后院起火了我能怎么办
First 150 of 210 actions detected
| 0:19 | Build | Town Center |
| 1:03 | Build | Mill |
| 1:39 | Build | Palisade Wall |
| 1:41 | Build | Palisade Wall |
| 2:39 | Build | House |
| 3:00 | Create | Villager (Male) |
| 3:01 | Create | Villager (Male) |
| 3:01 | Create | Villager (Male) |
| 3:01 | Create | Villager (Male) |
| 3:01 | Create | Villager (Male) |
| 3:07 | Build | House |
| 3:19 | Build | House |
| 3:42 | Create | Villager (Male) |
| 3:43 | Create | Villager (Male) |
| 3:48 | Build | House |
| 4:13 | Build | House |
| 5:19 | Create | Villager (Male) |
| 5:19 | Create | Villager (Male) |
| 5:31 | Build | Outpost |
| 5:37 | Create | Villager (Male) |
| 5:38 | Create | Villager (Male) |
| 5:38 | Create | Villager (Male) |
| 5:38 | Create | Villager (Male) |
| 6:24 | Create | Villager (Male) |
| 6:24 | Create | Villager (Male) |
| 6:25 | Create | Villager (Male) |
| 6:26 | Research | Loom |
| 6:54 | Build | House |
| 7:10 | Create | Villager (Male) |
| 7:24 | Build | House |
| 7:28 | Create | Villager (Male) |
| 7:29 | Create | Villager (Male) |
| 8:43 | Build | Mill |
| 9:04 | Create | Villager (Male) |
| 9:31 | Create | Villager (Male) |
| 9:32 | Create | Villager (Male) |
| 9:32 | Create | Villager (Male) |
| 9:32 | Create | Villager (Male) |
| 9:32 | Create | Villager (Male) |
| 10:17 | Build | Mining Camp |
| 10:28 | Create | Villager (Male) |
| 10:53 | Build | House |
| 11:30 | Build | Mining Camp |
| 11:40 | Create | Villager (Male) |
| 11:42 | Create | Villager (Male) |
| 11:47 | Build | Farm |
| 11:47 | Build | Farm |
| 11:47 | Build | Farm |
| 11:48 | Build | Farm |
| 11:48 | Build | Farm |
| 11:48 | Build | Farm |
| 12:14 | Create | Villager (Male) |
| 12:44 | Create | Villager (Male) |
| 13:05 | Build | Mining Camp |
| 13:17 | Create | Villager (Male) |
| 13:30 | Build | Palisade Wall |
| 13:43 | Create | Villager (Male) |
| 13:48 | Build | Palisade Wall |
| 13:57 | Research | Feudal Age |
| 14:06 | Build | House |
| 14:21 | Build | Farm |
| 14:49 | Build | Farm |
| 15:10 | Build | Barracks |
| 16:05 | Create | Militia |
| 16:20 | Age | Feudal Age |
| 16:23 | Build | Archery Range |
| 16:35 | Create | Villager (Male) |
| 16:54 | Create | Spearman |
| 17:02 | Create | Spearman |
| 17:12 | Create | Spearman |
| 17:27 | Create | Villager (Male) |
| 17:39 | Create | Villager (Male) |
| 17:58 | Build | Market |
| 18:28 | Build | Palisade Wall |
| 18:30 | Build | Palisade Wall |
| 18:36 | Build | Palisade Wall |
| 19:19 | Build | Blacksmith |
| 19:25 | Research | Castle Age |
| 22:05 | Age | Castle Age |
| 22:10 | Build | Castle |
| 22:26 | Build | Castle |
| 22:30 | Create | Villager (Male) |
| 22:30 | Create | Villager (Male) |
| 22:31 | Create | Villager (Male) |
| 22:31 | Create | Villager (Male) |
| 22:31 | Create | Villager (Male) |
| 22:31 | Create | Villager (Male) |
| 23:25 | Build | Lumber Camp |
| 24:47 | Build | Town Center |
| 26:08 | Build | Town Center |
| 32:42 | Build | Town Center |
| 35:27 | Create | Villager (Male) |
| 35:28 | Create | Villager (Male) |
| 35:28 | Create | Villager (Male) |
| 35:31 | Create | Villager (Male) |
| 35:32 | Create | Villager (Male) |
| 35:32 | Create | Villager (Male) |
| 35:44 | Build | Market |
| 36:04 | Create | Spearman |
| 36:35 | Build | Lumber Camp |
| 36:41 | Create | Villager (Male) |
| 36:42 | Create | Villager (Male) |
| 36:42 | Create | Villager (Male) |
| 36:42 | Create | Villager (Male) |
| 37:48 | Build | House |
| 37:49 | Build | House |
| 37:50 | Build | House |
| 38:35 | Build | Town Center |
| 38:43 | Build | House |
| 38:44 | Build | House |
| 39:01 | Create | Villager (Male) |
| 39:38 | Create | Villager (Male) |
| 39:38 | Create | Villager (Male) |
| 39:55 | Build | Town Center |
| 40:01 | Create | Villager (Male) |
| 40:02 | Create | Villager (Male) |
| 40:23 | Create | Villager (Male) |
| 40:23 | Create | Villager (Male) |
| 40:24 | Create | Villager (Male) |
| 41:03 | Create | Villager (Male) |
| 41:03 | Create | Villager (Male) |
| 41:26 | Build | Mill |
| 41:31 | Create | Villager (Male) |
| 42:30 | Build | Town Center |
| 42:40 | Create | Villager (Male) |
| 42:40 | Create | Villager (Male) |
| 42:42 | Create | Villager (Male) |
| 42:43 | Create | Villager (Male) |
| 42:55 | Create | Villager (Male) |
| 42:56 | Create | Villager (Male) |
| 42:57 | Create | Villager (Male) |
| 42:58 | Create | Villager (Male) |
| 42:59 | Create | Villager (Male) |
| 43:00 | Create | Villager (Male) |
| 43:07 | Create | Villager (Male) |
| 43:07 | Create | Villager (Male) |
| 43:08 | Create | Villager (Male) |
| 43:08 | Create | Villager (Male) |
| 43:12 | Build | Farm |
| 44:00 | Create | Villager (Male) |
| 44:00 | Create | Villager (Male) |
| 44:20 | Create | Villager (Male) |
| 44:20 | Create | Villager (Male) |
| 44:23 | Build | Archery Range |
| 44:40 | Create | Villager (Male) |
| 44:41 | Create | Villager (Male) |
| 44:43 | Create | Villager (Male) |
| 44:43 | Create | Villager (Male) |
| 45:00 | Research | Elite Skirmisher (upgrade) |
| 45:01 | Create | Skirmisher ×3 |
Build order — Czech_Airwave
First 150 of 339 actions detected
| 0:16 | Build | Town Center |
| 2:25 | Create | Villager (Male) |
| 2:25 | Create | Villager (Male) |
| 2:25 | Create | Villager (Male) |
| 2:26 | Create | Villager (Male) |
| 2:26 | Create | Villager (Male) |
| 2:26 | Create | Villager (Male) |
| 2:38 | Build | House |
| 3:34 | Create | Villager (Male) |
| 3:34 | Create | Villager (Male) |
| 3:59 | Build | House |
| 4:03 | Create | Villager (Male) |
| 4:03 | Create | Villager (Male) |
| 4:44 | Create | Villager (Male) |
| 4:44 | Create | Villager (Male) |
| 4:45 | Create | Villager (Male) |
| 4:59 | Build | Lumber Camp |
| 5:01 | Create | Villager (Male) |
| 5:32 | Create | Villager (Male) |
| 5:32 | Create | Villager (Male) |
| 5:48 | Build | House |
| 6:29 | Create | Villager (Male) |
| 6:57 | Create | Villager (Male) |
| 6:57 | Create | Villager (Male) |
| 7:27 | Create | Villager (Male) |
| 7:28 | Create | Villager (Male) |
| 7:56 | Create | Villager (Male) |
| 8:00 | Build | Mill |
| 8:03 | Research | Loom |
| 8:33 | Build | House |
| 9:21 | Research | Feudal Age |
| 10:16 | Create | Villager (Male) |
| 10:17 | Create | Villager (Male) |
| 11:40 | Age | Feudal Age |
| 11:43 | Build | Market |
| 11:46 | Build | Blacksmith |
| 11:50 | Create | Villager (Male) |
| 11:51 | Create | Villager (Male) |
| 13:41 | Research | Castle Age |
| 13:54 | Build | Mining Camp |
| 14:02 | Build | House |
| 14:30 | Research | Double-Bit Axe |
| 14:51 | Research | Stone Mining |
| 16:02 | Create | Villager (Male) |
| 16:21 | Age | Castle Age |
| 16:27 | Build | Town Center |
| 16:33 | Create | Villager (Male) |
| 16:33 | Create | Villager (Male) |
| 16:54 | Build | House |
| 17:15 | Create | Villager (Male) |
| 17:25 | Build | Lumber Camp |
| 17:26 | Create | Villager (Male) |
| 17:26 | Create | Villager (Male) |
| 18:08 | Create | Villager (Male) |
| 18:10 | Create | Villager (Male) |
| 18:56 | Build | House |
| 18:59 | Build | House |
| 19:02 | Build | House |
| 19:04 | Build | House |
| 19:12 | Build | Town Center |
| 19:21 | Research | Fletching |
| 19:30 | Create | Villager (Male) |
| 19:33 | Create | Villager (Male) |
| 19:34 | Create | Villager (Male) |
| 20:00 | Build | Castle |
| 20:04 | Build | House |
| 20:10 | Build | Palisade Wall |
| 20:12 | Build | Palisade Wall |
| 20:14 | Build | House |
| 20:58 | Build | Farm |
| 21:00 | Build | Farm |
| 21:04 | Create | Villager (Male) |
| 21:05 | Create | Villager (Male) |
| 21:15 | Build | Farm |
| 21:17 | Build | Farm |
| 21:22 | Build | Farm |
| 21:22 | Build | Farm |
| 21:22 | Build | Farm |
| 21:23 | Build | Farm |
| 21:23 | Build | Farm |
| 21:37 | Create | War Wagon |
| 21:52 | Build | Farm |
| 22:11 | Create | Villager (Male) |
| 22:12 | Create | Villager (Male) |
| 22:13 | Create | Villager (Male) |
| 22:36 | Create | War Wagon |
| 22:46 | Create | Villager (Male) |
| 22:47 | Create | Villager (Male) |
| 22:48 | Create | Villager (Male) |
| 22:55 | Create | War Wagon |
| 23:02 | Create | Villager (Male) |
| 23:05 | Create | War Wagon |
| 23:20 | Create | Villager (Male) |
| 23:52 | Create | Villager (Male) |
| 23:53 | Create | Villager (Male) |
| 23:53 | Create | Villager (Male) |
| 23:58 | Create | War Wagon |
| 24:45 | Create | Villager (Male) |
| 24:45 | Create | Villager (Male) |
| 25:00 | Create | War Wagon |
| 25:02 | Research | Bodkin Arrow |
| 25:06 | Create | Villager (Male) |
| 25:07 | Create | Villager (Male) |
| 25:07 | Create | Villager (Male) |
| 25:11 | Build | Farm |
| 25:16 | Build | University |
| 26:22 | Build | Castle |
| 26:34 | Create | Villager (Male) |
| 26:34 | Create | Villager (Male) |
| 26:35 | Create | Villager (Male) |
| 26:37 | Build | House |
| 26:39 | Research | Ballistics |
| 27:01 | Create | War Wagon |
| 27:02 | Create | War Wagon |
| 27:26 | Create | Villager (Male) |
| 27:26 | Create | Villager (Male) |
| 27:26 | Create | Villager (Male) |
| 27:28 | Build | House |
| 28:13 | Build | Mining Camp |
| 28:27 | Create | War Wagon |
| 28:27 | Create | War Wagon |
| 28:27 | Create | Villager (Male) |
| 28:28 | Create | Villager (Male) |
| 28:28 | Create | Villager (Male) |
| 28:30 | Build | House |
| 28:59 | Create | Villager (Male) |
| 28:59 | Create | Villager (Male) |
| 28:59 | Create | Villager (Male) |
| 29:01 | Build | Farm |
| 29:03 | Research | Horse Collar |
| 29:04 | Research | Bow Saw |
| 29:07 | Create | War Wagon |
| 29:08 | Create | War Wagon |
| 29:21 | Build | Siege Workshop |
| 29:26 | Build | Watch Tower |
| 29:29 | Create | Villager (Male) |
| 29:29 | Create | Villager (Male) |
| 29:32 | Research | Town Watch |
| 29:37 | Build | Lumber Camp |
| 29:49 | Research | Gold Mining |
| 30:42 | Create | Iron Pagoda |
| 30:58 | Create | Villager (Male) |
| 30:58 | Create | Villager (Male) |
| 30:59 | Create | Villager (Male) |
| 31:04 | Build | Watch Tower |
| 31:17 | Create | Iron Pagoda |
| 31:29 | Create | Villager (Male) |
| 31:30 | Create | Villager (Male) |
| 31:30 | Create | Villager (Male) |
| 32:01 | Create | Villager (Male) |
Build order — ping3026
First 150 of 309 actions detected
| 1:57 | Build | Town Center |
| 4:08 | Create | Villager (Male) |
| 4:08 | Create | Villager (Male) |
| 4:08 | Create | Villager (Male) |
| 4:09 | Create | Villager (Male) |
| 5:04 | Build | House |
| 5:08 | Research | Loom |
| 5:09 | Create | Villager (Male) |
| 5:09 | Create | Villager (Male) |
| 5:58 | Create | Villager (Male) |
| 6:03 | Create | Villager (Male) |
| 6:09 | Build | House |
| 6:27 | Create | Villager (Male) |
| 6:32 | Build | Lumber Camp |
| 6:43 | Create | Villager (Male) |
| 7:42 | Create | Villager (Male) |
| 7:46 | Build | House |
| 8:29 | Create | Villager (Male) |
| 8:37 | Create | Villager (Male) |
| 8:58 | Create | Villager (Male) |
| 9:22 | Create | Villager (Male) |
| 9:46 | Create | Villager (Male) |
| 10:01 | Build | Mill |
| 10:12 | Build | House |
| 10:15 | Create | Villager (Male) |
| 10:37 | Create | Villager (Male) |
| 10:59 | Create | Villager (Male) |
| 11:31 | Create | Villager (Male) |
| 11:55 | Build | House |
| 11:59 | Build | Palisade Wall |
| 12:02 | Create | Villager (Male) |
| 12:15 | Create | Villager (Male) |
| 12:28 | Create | Villager (Male) |
| 12:44 | Create | Villager (Male) |
| 13:13 | Build | Mining Camp |
| 13:40 | Build | Palisade Wall |
| 13:44 | Research | Feudal Age |
| 14:01 | Build | Barracks |
| 14:04 | Build | Palisade Wall |
| 14:06 | Build | Palisade Wall |
| 14:57 | Build | House |
| 15:09 | Create | Villager (Male) |
| 15:13 | Age | Feudal Age |
| 15:16 | Create | Villager (Male) |
| 15:22 | Build | Stable |
| 15:41 | Create | Villager (Male) |
| 15:51 | Build | Palisade Gate |
| 16:05 | Create | Villager (Male) |
| 16:20 | Create | Scout Cavalry |
| 16:35 | Build | Blacksmith |
| 16:59 | Create | Villager (Male) |
| 17:12 | Build | House |
| 17:20 | Research | Castle Age |
| 17:27 | Research | Double-Bit Axe |
| 17:42 | Research | Gold Mining |
| 18:04 | Create | Scout Cavalry |
| 18:10 | Research | Horse Collar |
| 18:49 | Research | Forging |
| 19:00 | Age | Castle Age |
| 19:05 | Create | Villager (Male) |
| 19:08 | Create | Knight |
| 19:20 | Create | Villager (Male) |
| 19:30 | Build | Town Center |
| 19:36 | Create | Villager (Male) |
| 19:53 | Create | Villager (Male) |
| 20:23 | Create | Villager (Male) |
| 20:47 | Create | Villager (Male) |
| 20:58 | Build | Farm |
| 21:11 | Build | Town Center |
| 21:24 | Create | Villager (Male) |
| 21:46 | Build | Farm |
| 21:49 | Create | Villager (Male) |
| 22:20 | Create | Villager (Male) |
| 22:26 | Build | Monastery |
| 22:55 | Create | Villager (Male) |
| 22:57 | Create | Monk |
| 23:04 | Build | House |
| 23:15 | Create | Villager (Male) |
| 23:49 | Create | Monk |
| 23:53 | Create | Villager (Male) |
| 23:58 | Create | Villager (Male) |
| 24:51 | Create | Villager (Male) |
| 24:55 | Create | Monk |
| 24:57 | Create | Villager (Male) |
| 25:25 | Create | Villager (Male) |
| 25:47 | Create | Monk |
| 25:52 | Create | Villager (Male) |
| 25:54 | Build | Farm |
| 26:01 | Create | Villager (Male) |
| 26:22 | Create | Villager (Male) |
| 26:34 | Create | Villager (Male) |
| 26:50 | Create | Villager (Male) |
| 26:52 | Create | Villager (Male) |
| 27:05 | Create | Villager (Male) |
| 27:20 | Create | Villager (Male) |
| 27:25 | Create | Monk |
| 27:31 | Build | Monastery |
| 27:53 | Research | Sanctity |
| 28:10 | Build | Castle |
| 28:24 | Create | Villager (Male) |
| 28:56 | Create | Villager (Male) |
| 29:14 | Create | Monk |
| 29:26 | Build | House |
| 29:36 | Create | Villager (Male) |
| 29:51 | Create | Monk |
| 30:00 | Create | Villager (Male) |
| 30:38 | Create | Villager (Male) |
| 30:47 | Create | Villager (Male) |
| 31:02 | Create | Villager (Male) |
| 31:09 | Create | Villager (Male) |
| 31:16 | Build | Market |
| 31:25 | Build | Town Center |
| 31:31 | Create | Villager (Male) |
| 32:00 | Build | House |
| 32:09 | Build | Town Center |
| 32:17 | Research | Wheelbarrow |
| 32:18 | Create | Villager (Male) |
| 32:27 | Build | Mill |
| 32:55 | Create | Villager (Male) |
| 33:00 | Build | Market |
| 33:10 | Create | Villager (Male) |
| 33:35 | Build | House |
| 33:37 | Create | Villager (Male) |
| 33:47 | Create | Villager (Male) |
| 34:05 | Create | Villager (Male) |
| 34:21 | Create | Villager (Male) |
| 34:44 | Create | Villager (Male) |
| 34:45 | Create | Villager (Male) |
| 35:00 | Create | Villager (Male) |
| 35:13 | Research | Town Watch |
| 35:25 | Create | Villager (Male) |
| 35:32 | Build | Castle |
| 35:45 | Build | Lumber Camp |
| 35:47 | Create | Villager (Male) |
| 36:15 | Create | Villager (Male) |
| 36:32 | Build | Monastery |
| 36:41 | Create | Villager (Male) |
| 36:56 | Create | Villager (Male) |
| 37:10 | Build | Mining Camp |
| 37:12 | Create | Villager (Male) |
| 37:14 | Create | Monk |
| 37:51 | Create | Villager (Male) |
| 37:56 | Create | Villager (Male) |
| 38:03 | Create | Villager (Male) |
| 38:23 | Create | Villager (Male) |
| 38:35 | Create | Villager (Male) |
| 38:44 | Create | Villager (Male) |
| 39:09 | Create | Villager (Male) |
| 39:11 | Create | Monk |
| 39:13 | Create | Villager (Male) |
Build order — Fox
First 150 of 397 actions detected
| 0:24 | Build | Lumber Camp |
| 0:30 | Build | Town Center |
| 0:52 | Build | House |
| 0:54 | Build | House |
| 0:55 | Build | House |
| 1:10 | Build | Palisade Wall |
| 2:57 | Create | Villager (Male) |
| 2:57 | Create | Villager (Male) |
| 2:57 | Create | Villager (Male) |
| 2:58 | Create | Villager (Male) |
| 4:20 | Create | Villager (Male) |
| 4:20 | Create | Villager (Male) |
| 4:57 | Create | Villager (Male) |
| 4:58 | Create | Villager (Male) |
| 4:58 | Create | Villager (Male) |
| 5:30 | Create | Villager (Male) |
| 5:30 | Create | Villager (Male) |
| 6:11 | Create | Villager (Male) |
| 6:11 | Create | Villager (Male) |
| 6:11 | Create | Villager (Male) |
| 6:35 | Build | Mill |
| 6:52 | Create | Villager (Male) |
| 7:48 | Create | Villager (Male) |
| 8:21 | Create | Villager (Male) |
| 8:21 | Create | Villager (Male) |
| 8:21 | Create | Villager (Male) |
| 8:52 | Research | Loom |
| 8:52 | Research | Loom |
| 10:18 | Research | Feudal Age |
| 10:18 | Research | Feudal Age |
| 10:38 | Build | Barracks |
| 11:19 | Create | Villager (Male) |
| 11:19 | Create | Villager (Male) |
| 11:22 | Create | Villager (Male) |
| 11:27 | Build | House |
| 11:31 | Build | House |
| 12:28 | Age | Feudal Age |
| 12:36 | Build | Stable |
| 12:39 | Create | Villager (Male) |
| 12:40 | Create | Villager (Male) |
| 12:40 | Create | Villager (Male) |
| 13:20 | Research | Double-Bit Axe |
| 13:20 | Research | Double-Bit Axe |
| 13:33 | Create | Villager (Male) |
| 13:33 | Create | Villager (Male) |
| 13:33 | Create | Villager (Male) |
| 13:35 | Create | Scout Cavalry |
| 13:35 | Create | Scout Cavalry |
| 13:46 | Build | Palisade Wall |
| 14:11 | Build | House |
| 14:12 | Build | House |
| 14:27 | Create | Scout Cavalry |
| 14:27 | Create | Scout Cavalry |
| 14:46 | Create | Scout Cavalry |
| 14:46 | Create | Scout Cavalry |
| 14:47 | Create | Villager (Male) |
| 14:48 | Create | Villager (Male) |
| 14:48 | Create | Villager (Male) |
| 14:54 | Build | Stable |
| 15:03 | Build | Farm |
| 15:12 | Build | Mill |
| 15:19 | Create | Scout Cavalry |
| 15:39 | Create | Scout Cavalry |
| 15:40 | Create | Scout Cavalry |
| 16:12 | Build | House |
| 16:13 | Build | House |
| 16:15 | Build | House |
| 16:48 | Create | Villager (Male) |
| 16:49 | Create | Scout Cavalry |
| 16:50 | Create | Scout Cavalry |
| 16:51 | Create | Villager (Male) |
| 16:51 | Create | Villager (Male) |
| 17:33 | Build | Market |
| 17:34 | Build | Blacksmith |
| 17:41 | Create | Villager (Male) |
| 17:42 | Create | Scout Cavalry |
| 17:43 | Create | Scout Cavalry |
| 18:08 | Create | Villager (Male) |
| 19:08 | Build | Mining Camp |
| 19:54 | Research | Castle Age |
| 19:55 | Research | Castle Age |
| 22:09 | Build | Farm |
| 22:10 | Build | Farm |
| 22:10 | Build | Farm |
| 22:10 | Build | Farm |
| 22:10 | Build | Farm |
| 22:11 | Build | Farm |
| 22:11 | Build | Farm |
| 22:11 | Build | Farm |
| 22:11 | Build | Farm |
| 22:11 | Build | Farm |
| 22:34 | Age | Castle Age |
| 22:52 | Create | Shrivamsha Rider ×5 |
| 22:52 | Create | Shrivamsha Rider ×5 |
| 23:09 | Build | Town Center |
| 23:23 | Research | Bow Saw |
| 23:23 | Research | Bow Saw |
| 23:24 | Create | Villager (Male) |
| 23:25 | Create | Villager (Male) |
| 24:31 | Create | Villager (Male) ×5 |
| 24:38 | Build | Town Center |
| 25:08 | Create | Villager (Male) ×2 |
| 25:24 | Create | Camel Scout |
| 25:25 | Create | Camel Scout |
| 25:36 | Build | Farm |
| 25:36 | Build | Farm |
| 25:36 | Build | Farm |
| 25:36 | Build | Farm |
| 25:37 | Build | Farm |
| 25:42 | Build | Stable |
| 26:04 | Build | Town Center |
| 26:24 | Create | Villager (Male) ×2 |
| 26:48 | Create | Villager (Male) ×2 |
| 26:48 | Create | Villager (Male) ×2 |
| 27:12 | Create | Villager (Male) |
| 27:12 | Create | Villager (Male) |
| 27:16 | Build | Farm |
| 27:16 | Build | Farm |
| 27:16 | Build | Farm |
| 27:16 | Build | Farm |
| 27:17 | Build | Farm |
| 27:17 | Build | Farm |
| 27:18 | Create | Villager (Male) |
| 27:19 | Create | Villager (Male) |
| 27:39 | Create | Villager (Male) |
| 27:39 | Create | Villager (Male) |
| 27:59 | Create | Villager (Male) |
| 28:00 | Create | Villager (Male) |
| 28:24 | Create | Camel Scout ×2 |
| 28:24 | Create | Camel Scout ×2 |
| 29:06 | Create | Villager (Male) ×2 |
| 29:07 | Create | Villager (Male) ×2 |
| 29:24 | Build | Farm |
| 29:25 | Build | Farm |
| 29:25 | Build | Farm |
| 29:42 | Create | Villager (Male) ×3 |
| 29:42 | Create | Villager (Male) ×3 |
| 29:54 | Create | Villager (Male) ×5 |
| 29:57 | Research | Scale Barding Armor |
| 29:57 | Research | Scale Barding Armor |
| 30:22 | Research | Horse Collar |
| 30:22 | Research | Horse Collar |
| 30:25 | Create | Villager (Male) |
| 30:25 | Create | Villager (Male) |
| 30:26 | Create | Villager (Male) |
| 30:37 | Build | House |
| 30:38 | Build | House |
| 30:39 | Build | House |
| 30:40 | Build | House |
| 30:43 | Create | Villager (Male) ×5 |
Build order — 插标卖首之徒
First 150 of 449 actions detected
| 0:35 | Build | Town Center |
| 1:41 | Build | House |
| 2:57 | Build | House |
| 3:04 | Create | Villager (Male) |
| 3:05 | Create | Villager (Male) |
| 3:05 | Create | Villager (Male) |
| 3:05 | Create | Villager (Male) |
| 3:05 | Create | Villager (Male) |
| 3:06 | Create | Villager (Male) |
| 4:12 | Create | Villager (Male) |
| 4:13 | Create | Villager (Male) |
| 5:04 | Create | Villager (Male) |
| 5:04 | Create | Villager (Male) |
| 5:10 | Build | Lumber Camp |
| 5:34 | Create | Villager (Male) |
| 5:35 | Create | Villager (Male) |
| 6:10 | Create | Villager (Male) |
| 6:10 | Create | Villager (Male) |
| 6:11 | Create | Villager (Male) |
| 6:25 | Create | Villager (Male) |
| 6:26 | Create | Villager (Male) |
| 6:49 | Build | House |
| 6:49 | Build | House |
| 6:56 | Create | Villager (Male) |
| 6:56 | Create | Villager (Male) |
| 6:56 | Create | Villager (Male) |
| 6:57 | Create | Villager (Male) |
| 7:13 | Create | Villager (Male) |
| 7:13 | Create | Villager (Male) |
| 7:20 | Create | Villager (Male) |
| 7:20 | Create | Villager (Male) |
| 7:48 | Build | Mill |
| 8:48 | Research | Loom |
| 8:48 | Create | Villager (Male) |
| 9:22 | Create | Villager (Male) |
| 9:57 | Create | Villager (Male) |
| 10:37 | Create | Villager (Male) |
| 11:20 | Create | Villager (Male) |
| 11:45 | Research | Feudal Age |
| 12:44 | Create | Villager (Male) |
| 12:45 | Create | Villager (Male) |
| 13:46 | Build | House |
| 13:55 | Age | Feudal Age |
| 13:57 | Build | Blacksmith |
| 14:11 | Build | Market |
| 14:44 | Build | Mining Camp |
| 14:46 | Create | Villager (Male) |
| 15:26 | Research | Castle Age |
| 15:26 | Research | Castle Age |
| 15:38 | Research | Stone Mining |
| 15:41 | Create | Villager (Male) |
| 15:41 | Create | Villager (Male) |
| 17:43 | Build | Mill |
| 17:55 | Build | House |
| 17:56 | Build | House |
| 18:06 | Age | Castle Age |
| 18:20 | Build | Castle |
| 18:34 | Create | Villager (Male) |
| 18:37 | Create | Villager (Male) |
| 18:45 | Build | House |
| 18:46 | Build | House |
| 18:47 | Build | House |
| 18:50 | Build | House |
| 18:56 | Build | Palisade Wall |
| 18:58 | Create | Villager (Male) |
| 19:37 | Research | Horse Collar |
| 19:38 | Research | Horse Collar |
| 19:49 | Create | Mangudai |
| 19:49 | Create | Mangudai |
| 19:53 | Research | Fletching |
| 19:54 | Research | Fletching |
| 19:56 | Create | Villager (Male) |
| 19:56 | Create | Villager (Male) |
| 19:58 | Research | Double-Bit Axe |
| 19:58 | Research | Double-Bit Axe |
| 20:07 | Build | Farm |
| 20:12 | Create | Villager (Male) |
| 20:19 | Build | Town Center |
| 20:30 | Build | Town Center |
| 20:41 | Create | Villager (Male) |
| 21:01 | Research | Gold Mining |
| 21:01 | Research | Gold Mining |
| 21:02 | Create | Mangudai |
| 21:02 | Create | Mangudai |
| 21:12 | Build | Farm |
| 21:47 | Create | Villager (Male) |
| 21:50 | Create | Mangudai |
| 21:54 | Build | Farm |
| 22:24 | Create | Villager (Male) |
| 22:25 | Create | Villager (Male) |
| 22:27 | Build | Farm |
| 22:48 | Create | Villager (Male) |
| 22:51 | Build | Barracks |
| 23:00 | Create | Villager (Male) |
| 23:07 | Create | Villager (Male) |
| 23:20 | Create | Villager (Male) |
| 23:20 | Create | Villager (Male) |
| 23:28 | Create | Villager (Male) |
| 23:28 | Create | Villager (Male) |
| 23:29 | Create | Villager (Male) |
| 23:32 | Build | Farm |
| 23:33 | Create | Villager (Male) |
| 23:53 | Create | Villager (Male) |
| 23:54 | Create | Villager (Male) |
| 23:57 | Create | Villager (Male) |
| 24:15 | Create | Mangudai |
| 24:15 | Create | Mangudai |
| 24:27 | Build | Stable |
| 24:29 | Create | Mangudai |
| 24:29 | Create | Mangudai |
| 24:34 | Research | Bodkin Arrow |
| 24:35 | Research | Bodkin Arrow |
| 24:53 | Create | Villager (Male) |
| 24:53 | Create | Villager (Male) |
| 24:55 | Create | Mangudai |
| 24:55 | Create | Mangudai |
| 25:15 | Create | Mangudai |
| 25:15 | Create | Mangudai |
| 25:33 | Create | Villager (Male) |
| 25:49 | Research | Bloodlines |
| 25:49 | Research | Bloodlines |
| 25:49 | Research | Husbandry |
| 25:49 | Research | Husbandry |
| 26:03 | Create | Villager (Male) |
| 26:03 | Create | Villager (Male) |
| 26:17 | Create | Mangudai |
| 26:37 | Create | Villager (Male) |
| 26:40 | Build | Farm |
| 26:40 | Build | Farm |
| 26:40 | Build | Farm |
| 26:40 | Build | Farm |
| 26:40 | Build | Farm |
| 26:54 | Create | Mangudai |
| 27:18 | Create | Villager (Male) |
| 27:18 | Create | Villager (Male) |
| 27:22 | Build | Farm |
| 27:34 | Create | Villager (Male) |
| 27:36 | Create | Mangudai |
| 27:36 | Create | Mangudai |
| 27:38 | Research | Husbandry |
| 27:41 | Build | Archery Range |
| 28:26 | Create | Villager (Male) |
| 28:26 | Create | Villager (Male) |
| 28:28 | Create | Mangudai |
| 28:28 | Create | Mangudai |
| 28:29 | Create | Villager (Male) |
| 28:30 | Create | Villager (Male) |
| 28:32 | Build | Farm |
| 28:32 | Build | Farm |
| 28:32 | Build | Farm |
Match timeline
| 1:10 | Fox · wall_segment Palisade Wall x1 |
| 1:39 | 后院起火了我能怎么办 · wall_segment Palisade Wall x1 |
| 1:41 | 后院起火了我能怎么办 · wall_segment Palisade Wall x1 |
| 9:06 | zensuuur · wall_segment Palisade Wall x1 |
| 9:07 | zensuuur · wall_segment Palisade Wall x1 |
| 9:07 | zensuuur · wall_segment Palisade Wall x1 |
| 9:09 | zensuuur · wall_segment Palisade Wall x1 |
| 9:09 | zensuuur · wall_segment Palisade Wall x1 |
| 9:10 | zensuuur · wall_segment Palisade Wall x1 |
| 9:13 | zensuuur · wall_segment Palisade Wall x1 |
| 9:14 | zensuuur · wall_segment Palisade Wall x1 |
| 9:17 | zensuuur · wall_segment Palisade Wall x1 |
| 9:18 | zensuuur · wall_segment Palisade Wall x1 |
| 9:18 | zensuuur · wall_segment Palisade Wall x1 |
| 9:32 | KIV.Murschann · wall_segment Palisade Wall x1 |
| 10:38 | Fox · first_building Barracks |
| 10:47 | zensuuur · wall_segment Palisade Wall x1 |
| 10:49 | zensuuur · wall_segment Palisade Wall x1 |
| 10:52 | zensuuur · wall_segment Palisade Wall x1 |
| 10:59 | zensuuur · wall_segment Palisade Wall x1 |
| 11:01 | zensuuur · wall_segment Palisade Wall x1 |
| 11:02 | zensuuur · wall_segment Palisade Wall x1 |
| 11:40 | Czech_Airwave · age_up feudal |
| 11:59 | ping3026 · wall_segment Palisade Wall x5 |
| 12:28 | Fox · age_up feudal |
| 12:33 | zensuuur · wall_segment Palisade Wall x1 |
| 12:34 | zensuuur · wall_segment Palisade Wall x1 |
| 12:34 | zensuuur · wall_segment Palisade Wall x1 |
| 12:36 | Fox · first_building Stable |
| 12:39 | zensuuur · wall_segment Palisade Wall x2 |
| 12:40 | zensuuur · wall_segment Palisade Wall x1 |
| 12:40 | zensuuur · wall_segment Palisade Wall x1 |
| 12:47 | zensuuur · wall_segment Palisade Wall x1 |
| 12:48 | zensuuur · wall_segment Palisade Wall x1 |
| 12:50 | zensuuur · wall_segment Palisade Wall x1 |
| 12:50 | zensuuur · wall_segment Palisade Wall x1 |
| 12:51 | zensuuur · wall_segment Palisade Wall x1 |
| 12:52 | zensuuur · wall_segment Palisade Wall x1 |
| 12:52 | zensuuur · wall_segment Palisade Wall x1 |
| 13:20 | KIV.Murschann · age_up feudal |
| 13:30 | 后院起火了我能怎么办 · wall_segment Palisade Wall x1 |
| 13:40 | ping3026 · wall_segment Palisade Wall x1 |
| 13:46 | Fox · wall_segment Palisade Wall x1 |
| 13:48 | 后院起火了我能怎么办 · wall_segment Palisade Wall x1 |
| 13:55 | 插标卖首之徒 · age_up feudal |
| 13:57 | zensuuur · wall_segment Palisade Wall x1 |
| 14:01 | ping3026 · first_building Barracks |
| 14:04 | ping3026 · wall_segment Palisade Wall x1 |
| 14:06 | ping3026 · wall_segment Palisade Wall x1 |
| 14:06 | zensuuur · wall_segment Palisade Wall x1 |
| 14:14 | zensuuur · wall_segment Palisade Wall x1 |
| 14:14 | zensuuur · wall_segment Palisade Wall x1 |
| 14:27 | Moctezama · age_up feudal |
| 14:28 | zensuuur · age_up feudal |
| 14:29 | zensuuur · wall_segment Palisade Wall x1 |
| 14:33 | KIV.Murschann · first_market_sell 100 stone |
| 15:00 | zensuuur · wall_segment Palisade Wall x1 |
| 15:03 | zensuuur · wall_segment Palisade Wall x1 |
| 15:03 | zensuuur · wall_segment Palisade Wall x1 |
| 15:10 | 后院起火了我能怎么办 · first_building Barracks |
| 15:13 | ping3026 · age_up feudal |
| 15:22 | ping3026 · first_building Stable |
| 15:59 | zensuuur · wall_segment Palisade Wall x1 |
| 15:59 | zensuuur · wall_segment Palisade Wall x1 |
| 16:00 | zensuuur · wall_segment Palisade Wall x1 |
| 16:00 | zensuuur · wall_segment Palisade Wall x1 |
| 16:20 | 后院起火了我能怎么办 · age_up feudal |
| 16:21 | Czech_Airwave · age_up castle |
| 16:23 | 后院起火了我能怎么办 · first_building Archery Range |
| 16:26 | zensuuur · wall_segment Palisade Wall x12 |
| 16:48 | zensuuur · wall_segment Palisade Wall x1 |
| 16:48 | zensuuur · wall_segment Palisade Wall x1 |
| 17:08 | KIV.Murschann · first_market_buy 100 stone |
| 17:15 | KIV.Murschann · age_up castle |
| 17:19 | KIV.Murschann · first_building Castle |
| 18:06 | 插标卖首之徒 · age_up castle |
| 18:08 | zensuuur · wall_segment Palisade Wall x6 |
| 18:09 | zensuuur · wall_segment Palisade Wall x1 |
| 18:10 | zensuuur · age_up castle |
| 18:20 | 插标卖首之徒 · first_building Castle |
| 18:28 | 后院起火了我能怎么办 · wall_segment Palisade Wall x1 |
| 18:29 | zensuuur · first_building Castle |
| 18:30 | 后院起火了我能怎么办 · wall_segment Palisade Wall x1 |
| 18:36 | 后院起火了我能怎么办 · wall_segment Palisade Wall x1 |
| 18:56 | 插标卖首之徒 · wall_segment Palisade Wall x1 |
| 19:00 | ping3026 · age_up castle |
| 19:18 | Fox · first_market_sell 100 wood |
| 19:33 | Moctezama · first_building Barracks |
| 20:00 | Czech_Airwave · first_building Castle |
| 20:10 | Czech_Airwave · wall_segment Palisade Wall x1 |
| 20:12 | Czech_Airwave · wall_segment Palisade Wall x1 |
| 20:21 | Moctezama · first_building Stable |
| 20:58 | Moctezama · age_up castle |
| 21:03 | Czech_Airwave · first_market_buy 100 food |
| 22:05 | 后院起火了我能怎么办 · age_up castle |
| 22:10 | 后院起火了我能怎么办 · first_building Castle |
| 22:26 | ping3026 · first_building Monastery |
| 22:34 | Fox · age_up castle |
| 22:51 | 插标卖首之徒 · first_building Barracks |
| 22:58 | zensuuur · first_building Siege Workshop |
| 23:05 | zensuuur · wall_segment Palisade Wall x4 |
| 23:06 | zensuuur · wall_segment Palisade Wall x1 |
| 23:17 | Moctezama · first_market_buy 100 food |
| 24:27 | 插标卖首之徒 · first_building Stable |
| 24:33 | 后院起火了我能怎么办 · first_market_sell 100 wood |
| 24:35 | 后院起火了我能怎么办 · first_market_buy 100 stone |
| 25:58 | Fox · first_market_buy 100 stone |
| 27:41 | 插标卖首之徒 · first_building Archery Range |
| 28:10 | ping3026 · first_building Castle |
| 28:22 | KIV.Murschann · wall_segment Palisade Wall x1 |
| 28:24 | KIV.Murschann · wall_segment Palisade Wall x1 |
| 29:21 | Czech_Airwave · first_building Siege Workshop |
| 30:42 | KIV.Murschann · first_building Monastery |
| 31:18 | zensuuur · first_market_sell 100 wood |
| 31:19 | zensuuur · first_market_buy 100 food |
| 31:54 | Fox · wall_segment Stone Wall x5 |
| 32:20 | Fox · wall_segment Stone Wall x1 |
| 33:28 | ping3026 · first_market_buy 100 stone |
| 33:55 | Fox · wall_segment Palisade Wall x1 |
| 33:55 | ping3026 · first_market_sell 100 wood |
| 35:29 | KIV.Murschann · first_building Barracks |
| 36:12 | zensuuur · first_building Barracks |
| 36:15 | KIV.Murschann · first_building Archery Range |
| 37:19 | Czech_Airwave · age_up imperial |
| 38:11 | 插标卖首之徒 · first_market_sell 100 stone |
| 38:25 | 插标卖首之徒 · tribute_sent a jugador 1 |
| 38:25 | 插标卖首之徒 · tribute_sent a jugador 2 |
| 38:25 | 插标卖首之徒 · tribute_sent a jugador 3 |
| 38:25 | 插标卖首之徒 · tribute_sent a jugador 4 |
| 38:25 | 插标卖首之徒 · tribute_sent a jugador 5 |
| 38:25 | 插标卖首之徒 · tribute_sent a jugador 6 |
| 38:25 | 插标卖首之徒 · tribute_sent a jugador 7 |
| 38:31 | 插标卖首之徒 · tribute_sent a jugador 1 |
| 38:31 | 插标卖首之徒 · tribute_sent a jugador 2 |
| 38:31 | 插标卖首之徒 · tribute_sent a jugador 3 |
| 38:31 | 插标卖首之徒 · tribute_sent a jugador 4 |
| 38:31 | 插标卖首之徒 · tribute_sent a jugador 5 |
| 38:31 | 插标卖首之徒 · tribute_sent a jugador 6 |
| 38:31 | 插标卖首之徒 · tribute_sent a jugador 7 |
| 39:31 | Moctezama · first_building Monastery |
| 39:35 | zensuuur · first_building Monastery |
| 40:22 | Moctezama · first_market_sell 100 food |
| 41:26 | 插标卖首之徒 · age_up imperial |
| 42:58 | zensuuur · age_up imperial |
| 43:41 | Moctezama · age_up imperial |
| 43:52 | ping3026 · first_building Archery Range |
| 44:33 | 插标卖首之徒 · tribute_sent a jugador 1 |
| 44:33 | 插标卖首之徒 · tribute_sent a jugador 2 |
| 44:33 | 插标卖首之徒 · tribute_sent a jugador 3 |
| 44:33 | 插标卖首之徒 · tribute_sent a jugador 4 |
| 44:33 | 插标卖首之徒 · tribute_sent a jugador 5 |
| 44:33 | 插标卖首之徒 · tribute_sent a jugador 6 |
| 44:33 | 插标卖首之徒 · tribute_sent a jugador 7 |
| 45:13 | 插标卖首之徒 · tribute_sent a jugador 1 |
| 45:13 | 插标卖首之徒 · tribute_sent a jugador 2 |
| 45:13 | 插标卖首之徒 · tribute_sent a jugador 3 |
| 45:13 | 插标卖首之徒 · tribute_sent a jugador 4 |
| 45:13 | 插标卖首之徒 · tribute_sent a jugador 5 |
| 45:13 | 插标卖首之徒 · tribute_sent a jugador 6 |
| 45:13 | 插标卖首之徒 · tribute_sent a jugador 7 |
| 46:14 | Moctezama · wall_segment Palisade Wall x1 |
| 48:30 | Fox · first_building Castle |
| 50:18 | 插标卖首之徒 · first_building Siege Workshop |
| 51:07 | Moctezama · first_building Castle |
| 51:10 | KIV.Murschann · age_up imperial |
| 52:43 | Fox · age_up imperial |
| 52:57 | ping3026 · age_up imperial |
| 53:11 | 后院起火了我能怎么办 · resign |
| 54:14 | ping3026 · first_building Siege Workshop |
[ AI ANALYSIS · 1 CREDIT ]
What really happened in this match?
Wolo.gg analyzes every decision: build order, eco, micro, common mistakes by bracket. Personalized analysis on WhatsApp or Discord in 30 seconds.
Civ guide
Cumans
Perfil
Jugador #2414389